 Dungeon Crawl Stone Soup version 0.23.2-40-g277498a001 (webtiles) character file.

Game seed: 8429645156934699070

9 MalarOregon the Charlatan (level 2, -2/23 HPs)
             Began as a Draconian Artificer on Sept 18, 2019.
             Slain by a hobgoblin (4 damage)
             ... on level 1 of the Dungeon.
             The game lasted 00:01:20 (475 turns).

MalarOregon the Charlatan (Draconian Artificer)      Turns: 475, Time: 00:01:20

Health: -2/23      AC:  4    Str: 14    XL:     2   Next: 3%
Magic:  4/4        EV: 12    Int: 11    God:
Gold:   11         SH:  0    Dex: 11    Spells: 1/1 levels left

rFire    . . .     SeeInvis .   a - +0 short sword
rCold    . . .     Gourm    .   (no shield)
rNeg     . . .     Faith    .   (armour unavailable)
rPois    .         Spirit   .   (helmet restricted)
rElec    .         Reflect  .   (no cloak)
rCorr    .         Harm     .   (no gloves)
MR       .....                  (no boots)
Stlth    +.........             (no amulet)
HPRegen  0.07/turn              (no ring)
MPRegen  0.09/turn              (no ring)

@: no status effects
A: unfitting armour, cold-blooded, AC +4
a: no special abilities


You were on level 1 of the Dungeon.
You were not hungry.

You visited 1 branch of the dungeon, and saw 1 of its levels.

You collected 11 gold pieces.

Inventory:

Hand Weapons
 a - a +0 short sword (weapon)
Wands
 c - a wand of enslavement (15)
 d - a wand of random effects (15)
 t - a wand of flame (15)
Scrolls
 f - a scroll of enchant weapon {unknown}
Potions
 g - a potion of berserk rage {unknown}
Comestibles
 e - a ration {!d}


   Skills:
 * Level 1.4 Fighting
 * Level 1.4 Short Blades
 * Level 2.0 Dodging
 - Level 0.8 Stealth
 + Level 3.0 Evocations


You had one spell level left.
You didn't know any spells.
Your spell library was empty.

Dungeon Overview and Level Annotations

Branches:
Dungeon (1/15)

Altars:


Innate Abilities, Weirdness & Mutations

Your plain brown scales are hard. (AC +4)
You cannot fit into any form of body armour.
You are cold-blooded and may be slowed by cold attacks.


Message History

A leopard gecko is nearby!
A leopard gecko is nearby!
Found 11 gold pieces. 2 hobgoblins come into view.
The hobgoblin shouts!
A bat comes into view.
The hobgoblin shouts!
A rat comes into view.
Found 6 gold pieces and a scroll labeled ORCHEM PAXAU.
The leopard gecko hisses angrily.
The hobgoblin hits you. The leopard gecko bites you.
You closely miss the leopard gecko. The hobgoblin closely misses you. x2
The leopard gecko bites you.
You closely miss the leopard gecko. The leopard gecko barely misses you.
The hobgoblin hits you.
* * * LOW HITPOINT WARNING * * *
The hobgoblin closely misses you.
Unknown command.
The bat closely misses you. The bat closely misses you.
The leopard gecko misses you. The bat barely misses you.
The bat hits you but does no damage. The bat completely misses you.
The bat barely misses you. The bat barely misses you.
The bat hits you but does no damage.
You hit the leopard gecko but do no damage.
Your tail-slap misses the leopard gecko.
The leopard gecko barely misses you.
You miss the leopard gecko. The leopard gecko misses you.
You hit the leopard gecko.
The leopard gecko bites you but does no damage.
You miss the leopard gecko.
The leopard gecko bites you but does no damage.
The leopard gecko closely misses you.
You hit the leopard gecko but do no damage.
The leopard gecko bites you but does no damage.
You hit the leopard gecko. The leopard gecko bites you.
* * * LOW HITPOINT WARNING * * *
You closely miss the leopard gecko. The leopard gecko bites you.
* * * LOW HITPOINT WARNING * * *
You hit the leopard gecko.
You kill the leopard gecko!
Your Dodging skill increases to level 2!
You have reached level 2!
The bat hits you but does no damage. The bat hits you but does no damage.
You hit the bat.
You kill the bat!
You open the door. The hobgoblin hits you.
You die...

.#.##................
.........=..g...>#
.####......##.b#.#
##########.#.#
######.#.# #.r.rg...#
#.#####..# #g#
#..#### #@# #.....#
#'# #...### #.# ##..#
###.### #..# #..<..#
#..#
#######.#######.##
+......)......+..#
####.#####)####..##
##.#####.###....#


You could see a hobgoblin and a rat.

Vanquished Creatures
  A leopard gecko (D:1)
  A giant cockroach (D:1)
  2 hobgoblins (D:1)
  A kobold (D:1)
  2 bats (D:1)
7 creatures vanquished.

Notes
Turn   | Place    | Note
-------+----------+-------------------------------------------
     0 | D:1      | MalarOregon the Draconian Artificer began the quest for the
                  | Orb.
     0 | D:1      | Reached XP level 1. HP: 16/16 MP: 3/3
   468 | D:1      | Reached XP level 2. HP: 2/23 MP: 4/4
   475 | D:1      | Slain by a hobgoblin

Skill      XL: |  1 |
---------------+----+-----
Dodging        | 2 |  2.0
Fighting       | |  1.4
Short Blades   | |  1.4
Stealth        | |  0.8
Evocations     | |  3.0

Action                   || total
-------------------------++-------
Melee: Short sword       ||    48
       Tailslap          ||     2
Armor: Skin              ||    13
Dodge: Dodged            ||    44
